 Dungeon Crawl Stone Soup version 0.29.1-12-g30fa7ad0bf (webtiles) character file.

Game seed: 6324715602679111220

4 LustLizard the Conjurer (level 1, 17/17 HPs)
             Began as a Gnoll Wanderer on Jan 18, 2023.
             Was a Follower of Dithmenos.
             Quit the game on level 1 of the Dungeon.
             The game lasted 00:00:37 (100 turns).

LustLizard the Conjurer (Gnoll Wanderer)             Turns: 100, Time: 00:00:38

Health: 17/17      AC:  3    Str: 12    XL:     1   Next: 60%
Magic:  4/6        EV: 11    Int: 10    God:    Dithmenos [*.....]
Gold:   45         SH:  0    Dex: 11    Spells: 8/9 levels left

rFire   . . .      SeeInvis .   a - +0 short sword
rCold   . . .      Faith    .   (no shield)
rNeg    . . .      Spirit   .   e - +0 leather armour
rPois   .          Reflect  .   (no helmet)
rElec   .          Harm     .   (no cloak)
rCorr   .          Rampage  .   (no gloves)
Will    .....                   (no boots)
Stlth   +.........              (no amulet)
HPRegen 0.05/turn               (no ring)
MPRegen 0.10/turn               (no ring)

@: wreathed by umbra
A: fangs 1, strong nose, distributed training
a: Renounce Religion


You were on level 1 of the Dungeon.
You worshipped Dithmenos.
Dithmenos was aware of your devotion.
You visited 1 branch of the dungeon, and saw 1 of its levels.

You collected 45 gold pieces.

Inventory:

Hand Weapons
 a - a +0 short sword (weapon)
 c - a +0 dagger
Missiles
 b - 14 poisoned darts
Armour
 e - a +0 leather armour (worn)
Potions
 d - a potion of lignification
 f - a potion of brilliance {unknown}


   Skills:
 + Level 2.4 Fighting
 + Level 2.4 Short Blades
 + Level 0.1 Long Blades
 + Level 0.1 Axes
 + Level 0.1 Maces & Flails
 + Level 0.1 Polearms
 + Level 0.1 Staves
 + Level 0.1 Ranged Weapons
 + Level 4.4 Throwing
 + Level 0.1 Armour
 + Level 2.4 Dodging
 + Level 0.1 Stealth
 + Level 0.1 Shields
 + Level 0.1 Unarmed Combat
 + Level 4.9 Spellcasting
 + Level 5.3 Conjurations
 + Level 0.1 Hexes
 + Level 0.1 Summonings
 + Level 0.1 Necromancy
 + Level 0.1 Translocations
 + Level 0.1 Transmutations
 + Level 0.1 Fire Magic
 + Level 0.1 Ice Magic
 + Level 0.1 Air Magic
 + Level 0.1 Earth Magic
 + Level 0.1 Poison Magic
 + Level 0.2 Invocations
 + Level 0.1 Evocations


You had 8 spell levels left.
You knew the following spells:

 Your Spells              Type           Power      Damage    Failure   Level
a - Magic Dart            Conj           52%        1d5       3%          1

Your spell library contained the following spells:

 Spells                   Type           Power      Damage    Failure   Level
 Static Discharge         Conj/Air       7%         3-4/arc   14%         2
 Dazzling Flash           Conj/Hex       14%        N/A       28%         3


Dungeon Overview and Level Annotations

Branches:
Dungeon (1/15)

Altars:
Dithmenos


Innate Abilities, Weirdness & Mutations

You have very sharp teeth.
Your uncanny sense of smell can sniff out nearby items.
Your experience applies equally to all skills.


Message History

Found 10 gold pieces.
The rat moves out of view.
The magic dart hits the ball python.
You kill the ball python!
The magic dart hits the rat.
The rat is severely wounded.
The rat barely misses you.
The magic dart hits the rat.
You kill the rat!
Magic restored.
A goblin comes into view. It is wielding a +0 dagger.
Found a stone staircase leading down.
The goblin shouts!
The magic dart hits the goblin.
You kill the goblin!
You can't see any susceptible monsters within range! (Use Z to cast anyway.)
You now have 18 gold pieces (gained 9).
You now have 28 gold pieces (gained 10).
You now have 45 gold pieces (gained 17).
The floating eye turns its gaze towards you.
The floating eye pulsates ominously.
Found a short sword.
Found a faded altar of an unknown god.
A kobold comes into view. It is wielding a +0 whip.
The floating eye turns its gaze towards you.
The golden eye turns its gaze towards you.
The magic dart hits the kobold.
The kobold is moderately wounded.
The magic dart hits the kobold.
You kill the kobold!
You can't see any susceptible monsters within range! (Use Z to cast anyway.) Unknown command.
Found a chain mail.
There is a faded altar of an unknown god here.
You cannot tell which god this altar belongs to.
Convert to them anyway?
Okay, then.
You cannot tell which god this altar belongs to.
Convert to them anyway?
Dithmenos accepts your prayer! Dithmenos welcomes you!
You are shrouded in an aura of darkness!
Are you sure you want to abandon this character and quit the game? (Confirm with "yes".)

........##
.........############
...#.................
).##................
.>##........###...###
.........#..#G#...#G#
.##....####.###...###.#
####...#.........)...[#
.........#......@.....#
)......................#
#####..##.#.###...###..#
# #. ....)#G#...#G# . #
# ###.#.###...### #
#.#.. ...... # # ##.
###..#. # ..# ##########


You could see 3 floating eyes and a golden eye.

Vanquished Creatures
  A ball python (D:1)
  A goblin (D:1)
  A kobold (D:1)
  A rat (D:1)
4 creatures vanquished.

Notes
Turn   | Place    | Note
-------+----------+-------------------------------------------
     0 | D:1      | LustLizard the Gnoll Wanderer began the quest for the Orb.
     0 | D:1      | LustLizard set off with the following items: a +0 short
                  | sword, 14 poisoned darts, a +0 dagger, a potion of
                  | lignification, a +0 leather armour; and the following spell
                  | memorised: Magic Dart; and the following spells available
                  | to memorise: Static Discharge, Dazzling Flash.
     0 | D:1      | Reached XP level 1. HP: 17/17 MP: 6/6
    87 | D:1      | Noticed a floating eye
    90 | D:1      | Found a faded altar of an unknown god.
    92 | D:1      | Noticed a floating eye
    92 | D:1      | Noticed a golden eye
    92 | D:1      | Noticed a floating eye
    99 | D:1      | Prayed at the altar of an unknown god.
    99 | D:1      | Became a worshipper of Dithmenos the Shadowed
    99 | D:1      | Reached * piety under Dithmenos
   100 | D:1      | Quit the game

Illustrated notes

Levels and vault maps discovered:
D:1:      tarquinn_simple_flora_water_b, layout_loops_ring,
          hellmonk_ecumenical_altar_watching_god

Action                   || total
-------------------------++-------
 Cast: Magic Dart        ||     6
Dodge: Dodged            ||     1
